 Dungeon Crawl Stone Soup version 0.20.1-1-g8b1a95d (webtiles) character file.

167105 vineage the Peltast (level 17, -7/123 HPs)
             Began as a Gargoyle Fighter on Sept 15, 2017.
             Was the Champion of Okawaru.
             Killed by divine providence
             ... invoked by a smoke demon
             ... summoned by an orc sorcerer
             ... led by an orc knight
              (12 damage)
             ... on level 1 of the Vaults.
             The game lasted 01:07:30 (28993 turns).

vineage the Peltast (Gargoyle Fighter)             Turns: 28993, Time: 01:07:30

Health: -7/123     AC: 40    Str: 26    XL:     17   Next: 62%
Magic:  37/37      EV: 17    Int: 14    God:    Okawaru [******]
Gold:   3141       SH: 21    Dex: 13    Spells: 14/16 levels left

rFire    + . .     SeeInvis .   l - +8 flail (protect)
rCold    . . .     Gourm    .   k - +5 shield
rNeg     + + .     Faith    .   N - +5 leather armour of Dithmenos's Whim {rF+ MP+9 Dex-4 Slay+6}
rPois    ∞         Spirit   .   X - +3 hat of Pondering {ponderous, MR+ MP+10 Int+5}
rElec    +         Reflect  .   Z - scarf {cloud immunity}
rCorr    .         Harm     .   b - +1 pair of gloves {Str+3}
MR       ++...                  G - +2 pair of boots {Stlth+}
Stlth    +++.......             E - amulet of Benevolence {RegenMP rN+ Slay+2}
Regen    0.3/turn               d - +2 ring of protection
MPRegen  0.4/turn               j - +4 ring of dexterity

@: about to teleport, marked, protection aura, flying, slow
A: big wings, claws 1, fangs 1, hooves 1, rugged brown scales 1, negative energy
resistance 1, robust 1, electricity resistance, unbreathing, petrification
resistance, rot immunity, AC +12
}: 1/15 runes: decaying
a: Stop Flying, Heroism, Finesse, Renounce Religion


You were on level 1 of the Vaults.
You worshipped Okawaru.
Okawaru was exalted by your worship.
You were not hungry.

You visited 6 branches of the dungeon, and saw 29 of its levels.
You also visited: Sewer and Bailey.

You collected 3141 gold pieces.

Inventory:

Hand Weapons
 e - a +1 eveningstar of freezing
 g - a +0 scimitar
 l - a +8 flail of protection (weapon)
Missiles
 L - a tomahawk of returning (quivered)
Armour
 b - a +1 pair of gloves of strength (worn)
 k - a +5 shield (worn)
 G - a +2 pair of boots of stealth (worn)
 N - the +5 leather armour of Dithmenos's Whim (worn) {rF+ MP+9 Dex-4 Slay+6}
   (You found it in a bailey)

   It affects your dexterity (-4).
   It affects your accuracy and damage with ranged weapons and melee attacks
   (+6).
   It protects you from fire.
   It affects your magic capacity (+9).
 O - the +4 chain mail of Inaction {rElec Str-3 Stlth+}
   (You found it in a bailey)

   It affects your strength (-3).
   It insulates you from electricity.
   It makes you more stealthy.
 X - the +3 hat of Pondering (worn) {ponderous, MR+ MP+10 Int+5}
   (You took it off Gastronok on level 10 of the Dungeon)

   It affects your intelligence (+5).
   It affects your resistance to hostile enchantments.
   It affects your magic capacity (+10).
 Z - a scarf of cloud immunity (worn)
Jewellery
 d - a +2 ring of protection (left hand)
 j - a +4 ring of dexterity (right hand)
 n - a +4 amulet of reflection
 E - the amulet of Benevolence (around neck) {RegenMP rN+ Slay+2}
   (You acquired it on level 3 of the Swamp)

   [amulet of magic regeneration]

   It increases your magic regeneration.
   It affects your accuracy and damage with ranged weapons and melee attacks
   (+2).
   It protects you from negative energy.
 M - an uncursed ring of stealth
 P - an uncursed ring of fire
 T - an uncursed ring of positive energy
Wands
 F - a wand of acid (9/15)
 W - a wand of digging (7/24)
Scrolls
 c - 6 scrolls of magic mapping
 m - 12 scrolls of remove curse
 w - 3 scrolls of teleportation
 x - 4 scrolls of blinking
 y - 4 scrolls of amnesia
 z - a scroll of silence
 A - 2 scrolls of fog
 C - a scroll of recharging
 H - 2 scrolls of enchant armour
 I - 11 scrolls of identify
 J - 5 scrolls of enchant weapon
 R - 2 scrolls of fear
 S - a scroll of brand weapon
Potions
 h - a potion of invisibility
 i - 3 potions of berserk rage
 o - 3 potions of lignification
 p - 5 potions of magic
 q - 5 potions of brilliance
 r - 10 potions of curing
 s - 2 potions of cancellation
 v - 2 potions of ambrosia
 B - 5 potions of haste
 D - a potion of agility
Books
 V - a book of Alchemy

   Spells                             Type                      Level
   a - Sublimation of Blood           Necromancy                   2
   b - Ignite Poison                  Fire/Transmutation/Poison    3
   c - Petrify                        Transmutation/Earth          4
   d - Alistair's Intoxication        Transmutation/Poison         5
   e - Irradiate                      Conjuration/Transmutation    5
 Y - a book of the Sky

   Spells                             Type                      Level
   a - Summon Lightning Spire         Summoning/Air                4
   b - Silence                        Hexes/Air                    5
   c - Deflect Missiles               Charms/Air                   6
   d - Conjure Ball Lightning         Conjuration/Air              6
   e - Tornado                        Air                          9
Miscellaneous
 a - a phantom mirror
 K - a fan of gales
Comestibles
 f - 17 bread rations
 t - 6 fruits
 u - 18 meat rations
 Q - 8 royal jellies


   Skills:
 + Level 13.6 Fighting
 * Level 2.7 Long Blades
 - Level 17.1 Maces & Flails
   Level 0.1 Polearms
 + Level 1.6 Throwing
 + Level 7.9 Armour
 + Level 9.9 Dodging
 + Level 5.3 Stealth
 + Level 18.4 Shields
 + Level 2.2 Invocations


You had 14 spell levels left.
You knew the following spells:

 Your Spells              Type           Power        Failure   Level  Hunger
a - Call Imp              Summ           #.......     43%         2    ###....


Dungeon Overview and Level Annotations

Branches:
Dungeon (15/15)            Temple (1/1) D:6            Lair (6/6) D:9
  Swamp (4/4) Lair:3       Spider (0/4) Lair:4        Slime (0/5) Lair:5
    Orc (2/2) D:12            Elf (0/3) Orc:2        Vaults (1/5) D:13
 Depths (0/5) D:15

Altars:
Ashenzari
Cheibriados
Dithmenos
Elyvilon
Fedhas
Gozag
Hepliaklqana
Kikubaaqudgha
Makhleb
Nemelex Xobeh
Okawaru
Qazlal
Ru
Sif Muna
Trog
Uskayaw
Vehumet
Xom
Yredelemnul
Zin
The Shining One
Beogh

Shops:
D:5 *   D:11 ?   D:13 (   Orc:2 [[(*:

Annotations:
D:6 1 runed door


Innate Abilities, Weirdness & Mutations

You are resistant to torment.
Your stone body is resilient. (AC +12)
You are immune to poison.
Your large and strong wings let you fly indefinitely.
You resist negative energy. (rN+)
You are resistant to electric shocks. (rElec)
You can survive without breathing.
You are immune to petrification.
You are immune to rotting.
You have sharp fingernails.
You have very sharp teeth.
You have large cloven feet.
You are partially covered in rugged brown scales. (AC +1, +3% HP)
You are robust. (+10% HP)


Message History

The orc warrior no longer looks unusually strong.
You block the freezing wraith's attack. The freezing wraith closely misses you.
You block the orc sorcerer's attack. The wraith barely misses you.
As you read the scroll of teleportation, it crumbles to dust.
You feel strangely unstable.
The orc sorcerer no longer looks unusually strong.
The freezing wraith hits you.
* * * LOW HITPOINT WARNING * * *
The freezing wraith freezes you!!
* * * LOW HITPOINT WARNING * * *
The freezing wraith barely misses you.
The ironheart preserver casts a spell.
The ironheart preserver begins to accept its allies' injuries.
The vault sentinel hits you with an uncursed long sword!
* * * LOW HITPOINT WARNING * * *
You block the yaktaur's attack.
You block the freezing wraith's attack. x2
The orc sorcerer barely misses you. The smoke demon gestures at you.
Something smites you!
You die...

#+### ##.#.##
##$...[## #
#...3ZZo#
#.##..4WW##
#.+..p{o@W#
...$##}Wppc##
# ##o#o##
########Z###
.......c.#
.........#
.........#
.........#
.........#


You could see an ironheart preserver, a vault sentinel, a yaktaur, a rust devil,
3 freezing wraiths, a necromancer, a smoke demon, a wraith, an orc sorcerer, 2
orc warriors, an orc sorcerer simulacrum, a vault warden simulacrum and an orc.

Vanquished Creatures
  Saint Roka (Orc:2)
  Jorgrun (Swamp:3)
  A tentacled monstrosity (Swamp:3)
  Gastronok (D:10)
  3 thorn hunters
  Kirke (D:15)
  A vault warden (Vaults:1)
  4 fire dragons
  Snorg (D:13)
  An ice dragon (Vaults:1)
  19 hydras
  Erolcha (D:13)
  5 centaur warriors
  2 catoblepae
  A death knight (Vaults:1)
  An ogre mage (D:15)
  9 two-headed ogres
  3 alligators
  An orc high priest (Orc:2)
  Urug (D:13)
  A deep elf knight (Vaults:1)
  Sonja (Lair:1)
  A fire crab (Swamp:4)
  A spark wasp zombie (D:15)
  5 shambling mangroves
  4 unseen horrors
  3 spriggan druids (Swamp:3)
  A wizard (D:13)
  A flayed ghost (D:15)
  An ironbrand convoker (Vaults:1)
  3 necromancers
  8 orc knights
  4 harpies (Vaults:1)
  12 swamp dragons
  A wolf spider zombie (D:15)
  6 ugly things
  3 wolf spiders
  3 manticores
  6 orc sorcerers
  7 slime creatures
  An elephant (Lair:3)
  5 cyclopes
  A stone giant skeleton (D:15)
  A guardian serpent (Lair:6)
  Psyche (D:12)
  A fire giant skeleton (D:15)
  2 vault sentinels (Vaults:1)
  11 black mambas
  A gargoyle (D:9)
  A freezing wraith (Vaults:1)
  20 spiny frogs
  3 kobold demonologists
  A yaktaur (Vaults:1)
  4 rime drakes
  13 komodo dragons
  2 guardian mummies (D:15)
  5 trolls
  The ghost of kaze the Chopper, an amateur HOFi of Trog (D:4)
  8 tyrant leeches
  5 polar bears
  3 meliai (D:13)
  21 hornets
  10 blink frogs (Lair:6)
  4 dream sheep (Lair:6)
  8 hippogriffs
  11 bog bodies
  8 spriggans
  2 redbacks (Lair:6)
  An ice dragon skeleton (D:15)
  13 wyverns
  2 shadows
  A vampire (D:15)
  4 hogs (D:9)
  A human (D:9)
  3 wraiths
  45 yaks
  3 hungry ghosts
  3 basilisks
  2 vampire mosquitoes (Swamp:1)
  4 steam dragons
  4 wargs (Orc:2)
  5 insubstantial wisps (Swamp:1)
  2 acid dragons
  21 swamp worms
  23 water moccasins
  Duvessa (D:5)
  A soldier ant (D:6)
  19 swamp drakes
  6 sky beasts
  35 orc warriors
  8 porcupines
  5 phantoms
  3 necrophages
  6 ice beasts
  2 black bears
  22 ogres
  A boggart (Vaults:1)
  2 wolves (Lair:3)
  16 crocodiles
  16 centaurs
  3 big kobolds
  17 bullfrogs
  2 gnoll sergeants
  Dowan (D:5)
  2 wyvern zombies
  6 scorpions
  12 killer bees
  6 wights
  3 howler monkeys
  5 electric eels
  3 crimson imps
  A centaur zombie (D:5)
  A lava snake (Swamp:4)
  2 quasits
  3 bullfrog zombies
  3 hounds
  A jelly (D:11)
  15 orc priests
  6 centaur skeletons
  4 human zombies (D:8)
  Crazy Yiuf (D:2)
  A bullfrog skeleton (D:9)
  Jessica (D:2)
  A human skeleton (D:8)
  31 orc wizards
  6 iguanas
  17 worker ants
  An ogre skeleton (D:8)
  3 hound skeletons
  2 mummies (D:8)
  A worker ant zombie (D:6)
  A howler monkey skeleton (D:4)
  15 gnolls
  2 river rats (Sewer)
  17 adders
  An ooze (Sewer)
  4 worms
  2 dart slugs (D:1)
  6 leopard geckos
  68 orcs
  9 ball pythons
  9 giant cockroaches
  9 hobgoblins
  9 jackals
  9 quokkas
  8 bats
  4 frilled lizards
  15 goblins
  A jackal skeleton (D:5)
  26 kobolds
  A leopard gecko skeleton (D:6)
  An orc zombie (D:8)
  2 quokka skeletons
  12 rats
  A butterfly (D:6)
957 creatures vanquished.

Vanquished Creatures (others)
  A hydra (Swamp:4)
  An unseen horror (Vaults:1)
  A swamp dragon (Swamp:4)
  A blink frog (shapeshifter) (D:15)
  4 humans (D:15)
  A steam dragon (Swamp:4)
  A swamp worm (Swamp:4)
  5 swamp drakes (Swamp:4)
  A bullfrog (D:15)
  An orc wizard (D:12)
  An orc (D:12)
  A fire vortex (Swamp:4)
  17 fungi
  33 plants
69 creatures vanquished.

Grand Total: 1026 creatures vanquished

Notes
Turn   | Place    | Note
-------+----------+-------------------------------------------
     0 | D:1      | vineage the Gargoyle Fighter began the quest for the Orb.
     0 | D:1      | Reached XP level 1. HP: 14/14 MP: 1/1
   205 | D:1      | Reached XP level 2. HP: 16/19 MP: 2/2
   388 | D:1      | Reached XP level 3. HP: 16/23 MP: 3/3
   974 | D:2      | Noticed Jessica
   988 | D:2      | Killed Jessica
   988 | D:2      | Reached XP level 4. HP: 7/28 MP: 4/4
  1221 | D:2      | Reached skill level 4 in Shields
  2173 | D:2      | Found a runed door.
  2177 | D:2      | Noticed Crazy Yiuf
  2187 | D:2      | Killed Crazy Yiuf
  2431 | D:3      | Found a glowing drain.
  2462 | Sewer    | Entered a sewer
  2476 | Sewer    | Reached XP level 5. HP: 21/32 MP: 5/5
  2493 | Sewer    | Reached skill level 1 in Dodging
  2618 | Sewer    | Noticed a big kobold
  2619 | Sewer    | Noticed a big kobold
  2638 | Sewer    | Killed a big kobold
  2638 | Sewer    | Reached XP level 6. HP: 33/38 MP: 6/6
  3493 | D:3      | Reached skill level 5 in Armour
  3719 | D:4      | Reached XP level 7. HP: 43/43 MP: 7/7
  3846 | D:4      | Noticed kaze's ghost (amateur HOFi)
  3853 | D:4      | Killed kaze's ghost
  3853 | D:4      | Reached skill level 5 in Maces & Flails
  3853 | D:4      | Reached skill level 5 in Shields
  4050 | D:4      | Reached XP level 8. HP: 32/48 MP: 8/8
  4896 | D:5      | Entered Level 5 of the Dungeon
  5098 | D:5      | Found Foidgh's Assorted Antiques.
  5123 | D:5      | Reached skill level 6 in Shields
  5156 | D:5      | Noticed Duvessa
  5157 | D:5      | Noticed Dowan
  5177 | D:5      | Killed Duvessa
  5213 | D:5      | Killed Dowan
  5421 | D:5      | Reached skill level 5 in Fighting
  5567 | D:5      | Reached XP level 9. HP: 51/54 MP: 9/9
  5580 | D:5      | Reached skill level 7 in Shields
  5696 | D:5      | Learned a level 2 spell: Call Imp
  5764 | D:6      | Found a staircase to the Ecumenical Temple.
  5797 | Temple   | Entered the Ecumenical Temple
  6296 | D:6      | Found a runed door.
  6316 | D:6      | Found a runed door.
  7095 | D:6      | Reached skill level 8 in Shields
  7664 | D:7      | Found a glowing golden altar of the Shining One.
  7665 | D:7      | Found a white marble altar of Elyvilon.
  7667 | D:7      | Found a bloodstained altar of Trog.
  7671 | D:7      | Found an iron altar of Okawaru.
  7672 | D:7      | Found a burning altar of Makhleb.
  7672 | D:7      | Found a shimmering altar of Xom.
  7675 | D:7      | Became a worshipper of Warmaster Okawaru
  7677 | D:7      | Found a snail-covered altar of Cheibriados.
  7678 | D:7      | Found a blossoming altar of Fedhas.
  7679 | D:7      | Found an opulent altar of Gozag.
  7681 | D:7      | Found a radiant altar of Vehumet.
  7972 | D:7      | Noticed a troll
  7993 | D:7      | Killed a troll
  8299 | D:7      | Reached XP level 10. HP: 60/60 MP: 10/10
  8381 | D:7      | Found an opulent altar of Gozag.
  8502 | D:8      | Reached * piety under Okawaru
  8502 | D:8      | Reached skill level 9 in Shields
  8666 | D:8      | Found an ancient bone altar of Kikubaaqudgha.
  8975 | D:8      | Found a deep blue altar of Sif Muna.
  9270 | D:8      | Reached ** piety under Okawaru
  9491 | D:9      | Found a staircase to the Lair.
  9542 | D:9      | Noticed a cyclops
  9553 | D:9      | Killed a cyclops
  9553 | D:9      | Reached skill level 10 in Shields
  9800 | D:9      | Found a flagged portal.
  9894 | Bailey   | Entered a bailey
 10012 | Bailey   | Got a faintly humming leather armour
 10023 | Bailey   | Identified the +5 leather armour of Dithmenos's Whim {rF+ MP+9 Dex-4 Slay+6} (You found it in a bailey)
 10053 | Bailey   | Found a bloodstained altar of Trog.
 10069 | Bailey   | Got a heavily runed chain mail
 10083 | Bailey   | Identified the +4 chain mail of Inaction {rElec Str-3 Stlth+} (You found it in a bailey)
 10166 | D:9      | Reached *** piety under Okawaru
 10166 | D:9      | Reached skill level 1 in Throwing
 10213 | D:9      | Reached XP level 11. HP: 64/66 MP: 11/11
 10396 | D:10     | Entered Level 10 of the Dungeon
 10479 | D:10     | Killed an unseen horror
 10479 | D:10     | Reached **** piety under Okawaru
 10479 | D:10     | Reached skill level 10 in Maces & Flails
 10479 | D:10     | Reached skill level 11 in Shields
 10597 | D:10     | Noticed a two-headed ogre
 10609 | D:10     | Killed a two-headed ogre
 10804 | D:10     | Killed an unseen horror
 11012 | D:10     | Noticed Gastronok
 11028 | D:10     | Killed Gastronok
 11028 | D:10     | Reached skill level 5 in Dodging
 11028 | D:10     | Reached skill level 1 in Stealth
 11062 | D:10     | Reached ***** piety under Okawaru
 11760 | D:11     | Noticed a cyclops
 11770 | D:11     | Killed a cyclops
 11930 | D:11     | Found Toaxuupn's Magic Scroll Emporium.
 11932 | D:11     | Noticed a cyclops
 11946 | D:11     | Killed a cyclops
 12031 | D:11     | Received a gift from Okawaru
 12032 | D:11     | Noticed a cyclops
 12049 | D:11     | Killed a cyclops
 12049 | D:11     | Reached XP level 12. HP: 60/73 MP: 12/12
 12161 | D:11     | Noticed a two-headed ogre
 12179 | D:11     | Killed a two-headed ogre
 12461 | D:12     | Reached skill level 12 in Shields
 12487 | D:12     | Noticed Psyche
 12488 | D:12     | Paralysed by Psyche for 3 turns
 12502 | D:12     | Killed Psyche
 12502 | D:12     | Received a gift from Okawaru
 12537 | D:12     | Got a transparent glaive
 12543 | D:12     | Identified the cursed +1 glaive of the Shrike {freeze, rF+} (You found it on level 12 of the Dungeon)
 12615 | D:12     | Noticed a two-headed ogre
 12625 | D:12     | Killed a two-headed ogre
 12912 | D:12     | Found a staircase to the Orcish Mines.
 13033 | D:12     | Noticed a two-headed ogre
 13041 | D:12     | Killed a two-headed ogre
 13041 | D:12     | Received a gift from Okawaru
 13212 | D:13     | Noticed Snorg
 13213 | D:13     | Noticed a five-headed hydra
 13232 | D:12     | Killed a five-headed hydra
 13380 | D:13     | Reached skill level 1 in Invocations
 13381 | D:13     | Killed Snorg
 13414 | D:13     | Noticed Urug
 13426 | D:13     | Found a gate to the Vaults.
 13445 | D:13     | Noticed Erolcha
 13449 | D:13     | Killed Erolcha
 13449 | D:13     | Reached XP level 13. HP: 46/80 MP: 4/14
 13485 | D:13     | Reached skill level 13 in Shields
 13525 | D:13     | Killed Urug
 13868 | D:13     | Reached ****** piety under Okawaru
 13948 | D:13     | Found Xeaclaz's Weapon Shop.
 14149 | D:13     | Gained mutation: You have large cloven feet. [mutagenic meat]
 14150 | D:13     | Gained mutation: You are agile. (Dex +2) [mutagenic meat]
 14152 | D:13     | Gained mutation: Your spells are a little easier to cast, but a little less powerful. [mutagenic meat]
 14434 | D:14     | Gained mutation: Your body sometimes deteriorates upon taking damage. [mutagenic meat]
 14436 | D:14     | Gained mutation: You have a pair of small horns on your head. [mutagenic meat]
 14438 | D:14     | Gained mutation: You have a pair of horns on your head. [mutagenic meat]
 14439 | D:14     | Gained mutation: You can translocate small distances at will. [mutagenic meat]
 14882 | D:14     | Reached skill level 10 in Fighting
 14903 | D:14     | Received a gift from Okawaru
 15159 | D:14     | Lost mutation: You have a pair of horns on your head. [potion of mutation]
 15159 | D:14     | Lost mutation: Your spells are a little easier to cast, but a little less powerful. [potion of mutation]
 15159 | D:14     | Lost mutation: Your body sometimes deteriorates upon taking damage. [potion of mutation]
 15159 | D:14     | Lost mutation: You can translocate small distances at will. [potion of mutation]
 15159 | D:14     | Gained mutation: You have a pair of horns on your head. [potion of mutation]
 15159 | D:14     | Gained mutation: Your body sometimes deteriorates upon taking damage. [potion of mutation]
 15159 | D:14     | Lost mutation: Your body sometimes deteriorates upon taking damage. [potion of mutation]
 15159 | D:14     | Gained mutation: You are resistant to hostile enchantments. (MR+) [potion of mutation]
 15160 | D:14     | Lost mutation: You are agile. (Dex +2) [potion of mutation]
 15160 | D:14     | Lost mutation: You have large cloven feet. [potion of mutation]
 15160 | D:14     | Lost mutation: You are resistant to hostile enchantments. (MR+) [potion of mutation]
 15160 | D:14     | Lost mutation: You have a pair of horns on your head. [potion of mutation]
 15160 | D:14     | Gained mutation: You have sharp fingernails. [potion of mutation]
 15160 | D:14     | Gained mutation: You have very sharp teeth. [potion of mutation]
 15160 | D:14     | Gained mutation: Scrolls take you a little longer to read. [potion of mutation]
 15160 | D:14     | Gained mutation: Your flesh is heat resistant. (rF+) [potion of mutation]
 15161 | D:14     | Lost mutation: You have a pair of small horns on your head. [potion of mutation]
 15161 | D:14     | Lost mutation: Your flesh is heat resistant. (rF+) [potion of mutation]
 15161 | D:14     | Lost mutation: Scrolls take you a little longer to read. [potion of mutation]
 15161 | D:14     | Gained mutation: You have large cloven feet. [potion of mutation]
 15161 | D:14     | Gained mutation: You are partially covered in rugged brown scales. (AC +1, +3% HP) [potion of mutation]
 15161 | D:14     | Gained mutation: You are robust. (+10% HP) [potion of mutation]
 15163 | D:15     | Entered Level 15 of the Dungeon
 15166 | D:15     | Found a staircase to the Depths.
 15244 | D:15     | Noticed Kirke
 15253 | D:15     | Killed Kirke
 15253 | D:15     | Gained mutation: Your large and strong wings let you fly indefinitely. [Gargoyle growth]
 15253 | D:15     | Reached XP level 14. HP: 99/99 MP: 15/15
 15476 | D:15     | Reached skill level 14 in Shields
 15509 | D:15     | Found a sparkling altar of Nemelex Xobeh.
 16154 | Lair:1   | Entered Level 1 of the Lair of Beasts
 16160 | Lair:1   | Noticed Sonja
 16165 | Lair:1   | Killed Sonja
 16428 | Lair:1   | Received a gift from Okawaru
 16685 | Lair:1   | You are sucked into a shaft!
 16766 | Lair:2   | Reached skill level 15 in Maces & Flails
 18157 | Lair:3   | Found a staircase to the Swamp.
 18808 | Lair:4   | Found a hole to the Spider Nest.
 19100 | Lair:4   | Reached XP level 15. HP: 107/107 MP: 16/16
 19104 | Lair:4   | Reached skill level 15 in Shields
 19495 | Lair:5   | Received a gift from Okawaru
 19540 | Lair:5   | Found a staircase to the Slime Pits.
 19852 | Lair:6   | Entered Level 6 of the Lair of Beasts
 20431 | Lair:6   | Received a gift from Okawaru
 20476 | Lair:6   | Got a fabulously ornate robe {god gift}
 20487 | Lair:6   | Identified the +1 robe of Okawaru {rF+ rCorr} (Okawaru gifted it to you on level 6 of the Lair of Beasts)
 21427 | Orc:1    | Entered Level 1 of the Orcish Mines
 22055 | Orc:2    | Entered Level 2 of the Orcish Mines
 22074 | Orc:2    | Reached skill level 16 in Shields
 22131 | Orc:2    | Noticed Saint Roka
 22141 | Orc:2    | Reached XP level 16. HP: 73/114 MP: 17/17
 22731 | Orc:2    | Found a roughly hewn altar of Beogh.
 22794 | Orc:2    | Killed Saint Roka
 23113 | Orc:2    | Received a gift from Okawaru
 23298 | Orc:2    | Found Quemoum's Antique Armour Shoppe.
 23478 | Orc:2    | Found Lifyjedgh's General Store.
 23493 | Orc:2    | Found Yfacleq's Book Shoppe.
 23509 | Orc:2    | Found Immulau's Antique Weapon Shoppe.
 23658 | Orc:2    | Found a staircase to the Elven Halls.
 23676 | Orc:2    | Found Zeuvum's Antique Armour Boutique.
 23962 | Swamp:1  | Entered Level 1 of the Swamp
 24976 | Swamp:2  | Noticed a thorn hunter
 24991 | Swamp:2  | Killed a thorn hunter
 25009 | Swamp:2  | Received a gift from Okawaru
 25165 | Swamp:2  | Noticed a thorn hunter
 25177 | Swamp:2  | Killed a thorn hunter
 25255 | Swamp:2  | Reached skill level 17 in Shields
 25806 | Swamp:3  | Identified a scroll of acquirement
 25809 | Swamp:3  | Got a clouded bone amulet
 25811 | Swamp:3  | Identified the amulet of Benevolence {RegenMP rN+ Slay+2} (You acquired it on level 3 of the Swamp)
 25890 | Swamp:3  | Noticed a tentacled monstrosity
 25900 | Swamp:3  | Killed a tentacled monstrosity
 25921 | Swamp:3  | Reached skill level 5 in Stealth
 26144 | Swamp:3  | Noticed Jorgrun
 26172 | Swamp:3  | Killed Jorgrun
 26916 | Swamp:3  | Reached XP level 17. HP: 123/123 MP: 18/18
 27113 | Swamp:4  | Entered Level 4 of the Swamp
 27216 | Swamp:4  | Received a gift from Okawaru
 27230 | Swamp:4  | Received a gift from Okawaru
 27272 | Swamp:4  | Reached skill level 18 in Shields
 28235 | Swamp:4  | Got a decaying rune of Zot
 28522 | Vaults:1 | Entered Level 1 of the Vaults
 28566 | Vaults:1 | Received a gift from Okawaru
 28677 | Vaults:1 | Reached skill level 1 in Long Blades
 28993 | Vaults:1 | HP: 5/123 [vault sentinel/uncursed long sword (9)]
 28993 | Vaults:1 | Killed from afar by a smoke demon

Skill      XL: |  1  2  3  4  5  6  7  8  9 10 11 12 13 14 15 16 17 |
---------------+----------------------------------------------------+-----
Armour         | 4 5 6 7 |  7.9
Shields        | 4 5 6 8 10 11 12 13 14 16 17 18 | 18.4
Maces & Flails | 3 4 5 6 8 9 11 12 14 15 16 17 | 17.1
Dodging        | 1 2 3 4 5 6 7 8 9 |  9.9
Fighting       | 4 5 6 8 9 10 11 12 13 | 13.6
Throwing       | 1 |  1.6
Stealth        | 1 2 3 4 5 |  5.3
Invocations    | 1 2 |  2.2
Long Blades    | 2 |  2.7
Polearms       | |  0.1

Action                   |  1- 3 |  4- 6 |  7- 9 | 10-12 | 13-15 | 16-18 || total
-------------------------+-------+-------+-------+-------+-------+-------++-------
Melee: Flail             |    93 |   308 |   585 |   818 |    55 |   738 ||  2597
       Glaive            |       |       |       |     1 |       |       ||     1
       Eveningstar       |       |       |       |       |   696 |       ||   696
       Kick              |       |       |       |       |   109 |       ||   109
       Headbutt          |       |       |       |       |    14 |       ||    14
       Bite              |       |       |       |       |   149 |   145 ||   294
       Morningstar       |       |       |       |       |   567 |   109 ||   676
       Scimitar          |       |       |       |       |       |    51 ||    51
Throw: Tomahawk          |       |       |       |    30 |       |       ||    30
       Javelin           |       |       |       |     1 |       |       ||     1
Invok: Heroism           |       |       |       |     5 |     4 |     4 ||    13
       Finesse           |       |       |       |     2 |       |       ||     2
 Abil: Fly               |       |       |       |       |     1 |       ||     1
  Use: Scroll            |       |     6 |    10 |    14 |     8 |    10 ||    48
       Potion            |       |       |     3 |     7 |     6 |    15 ||    31
 Stab: Sleeping          |       |       |       |       |     5 |     2 ||     7
       Distracted        |       |       |       |       |     1 |       ||     1
  Eat: Chunk             |       |     9 |     8 |    17 |    35 |    15 ||    84
       Royal jelly       |       |       |     1 |       |     3 |     1 ||     5
       Fruit             |       |       |     1 |     4 |       |     4 ||     9
       Meat ration       |       |       |     1 |       |       |     1 ||     2
Armor: Scale mail        |    64 |   116 |   223 |   143 |       |       ||   546
       Skin              |       |       |    48 |       |       |       ||    48
       Chain mail        |       |       |       |    39 |       |       ||    39
       Leather armour    |       |       |       |   198 |   417 |   290 ||   905
Dodge: Dodged            |    28 |    81 |   179 |   304 |   406 |   335 ||  1333
Block: Shield            |    61 |   213 |   435 |   679 |  1193 |   857 ||  3438
       Reflection        |       |       |       |       |     4 |     5 ||     9
       Rpst.: Scimitar   |       |       |       |       |       |    10 ||    10
